 Dungeon Crawl Stone Soup version 0.19-a0-854-gc78d25d (webtiles) character file.

3015 Implojin the Cleaver (level 9, 0/129 HPs)
             Began as a Minotaur Berserker on July 2, 2016.
             Was a Priest of Trog.
             Slain by a slime creature (16 damage)
             ... on level 11 of the Dungeon.
             The game lasted 00:06:25 (936 turns).

Implojin the Cleaver (Minotaur Berserker)            Turns: 936, Time: 00:06:26

Health: 0/129      AC:  6    Str: 26    XL:     9   Next: 55%
Magic:  8/8        EV:  8    Int:  4    God:    Trog [***...]
Gold:   81         SH:  8    Dex: 14    Spells: 0 memorised, 8 levels left

rFire  . . .     SeeInvis .     a - +0 hand axe
rCold  . . .     Gourm    .     k - +0 scale mail
rNeg   . . .     Faith    .     f - +0 shield
rPois  .         Spirit   .     (helmet restricted)
rElec  .         Dismiss  .     (no cloak)
rCorr  .         Reflect  .     (no gloves)
SustAt .         Harm     .     (no boots)
MR     .....                    (no amulet)
Stlth  ..........               (no ring)
                                (no ring)

@: berserking (expiring), very quick, not resistant to hostile enchantments,
extremely unstealthy
A: retaliatory headbutt, horns 2
a: Berserk, Trog's Hand, Burn Spellbooks, Renounce Religion


You were on level 11 of the Dungeon.
You worshipped Trog.
Trog was most pleased with you.
You were not hungry.

You visited 1 branch of the dungeon, and saw 12 of its levels.

You collected 81 gold pieces.

Inventory:

Hand Weapons
 a - a +0 hand axe (weapon)
 l - a +0 blowgun
Armour
 b - a +0 animal skin
 f - a +0 shield (worn)
 i - a +0 ring mail
 k - a +0 scale mail (worn)
 m - a troll hide
Scrolls
 e - a scroll of enchant armour
 h - a scroll of enchant weapon {unknown}
Potions
 g - a potion of flight
Comestibles
 c - 2 bread rations
 j - a chunk of flesh


   Skills:
 * Level 10.3 Fighting
 - Level 12.7 Axes
 - Level 2.4 Armour
 - Level 2.1 Dodging


You had 8 spell levels left.
You didn't know any spells.

Dungeon Overview and Level Annotations

Branches:
Dungeon (12/15)
 Temple: D:4-7         Lair: D:8-11         Orc: D:9-12

Altars:
Xom


Innate Abilities, Weirdness & Mutations

You reflexively headbutt those who attack you in melee.
You have a pair of horns on your head.


Message History

You slash the slime creature!
The large slime creature barely misses you.
You furiously retaliate!
You headbutt the large slime creature! The slime creature barely misses you.
You furiously retaliate!
You headbutt the slime creature! You block the slime creature's attack.
The slime creature hits you.
* * * LOW HITPOINT WARNING * * *
Unknown command.
You slash the large slime creature!
The large slime creature is almost dead.
You slash the slime creature! x2; You hit the slime creature.
Unknown command.
Unknown command.
You slash the large slime creature!
The large slime creature is almost dead.
You slash the slime creature! You hit the slime creature.
Your shield prevents you from hitting the slime creature.
A large slime creature splits.
The slime creature completely misses you.
Two slime creatures merge to form a large slime creature.
The slime creature hits you!
* * * LOW HITPOINT WARNING * * *
Unknown command.
You hit the slime creature.
The slime creature is almost dead.
You hit the large slime creature. You slash the slime creature!
You kill the slime creature!
Trog accepts your kill.
Your Fighting skill increases to level 9!
You slash the slime creature!
You kill the slime creature!
Trog accepts your kill.
You slash the slime creature! You slash the slime creature!
You kill the slime creature!
Trog accepts your kill.
Your Fighting skill increases to level 10!
Your shield prevents you from hitting the large slime creature.
You hit the slime creature. The slime creature hits you!
You die...

### #....... #.. .# #......) #.#
##.# ##'##### #.# #.. #....## #.#
#.# ####... ####.####
#####†###### ####'
........###..........# ###....
.....JJ.#(††...J..>..# #.'....
..>.....#.#.....@....# #.#....
........J.#....J.....######.#....
........###..........'......#####
........# #..........########
........# #..........# #########
############


You could see a large slime creature and a slime creature.

Vanquished Creatures
  A cyclops (D:11)
  An ugly thing (D:11)
  A troll (D:9)
  3 slime creatures (D:11)
  A wyvern (D:11)
  4 yaks (D:11)
  An ice beast (D:5)
  An ogre (D:6)
  A wasp (D:7)
  A big kobold (D:8)
  A giant frog (D:6)
  A scorpion (D:11)
  The ghost of Implojin the Ruffian, a weakling TrFi (D:4)
  A centaur zombie (D:11)
  2 hounds
  An iguana (D:4)
  An orc wizard (D:5)
  2 worker ants (D:9)
  3 sheep (D:11)
  5 adders
  7 orcs
  3 goblins
  4 hobgoblins (D:1)
  9 kobolds
  2 quokkas
  A ball python (D:1)
  2 rats (D:1)
61 creatures vanquished.

Notes
Turn   | Place    | Note
-------+----------+-------------------------------------------
     0 | D:1      | Implojin the Minotaur Berserker began the quest for the Orb.
     0 | D:1      | Reached XP level 1. HP: 19/19 MP: 0/0
    36 | D:1      | Reached skill level 4 in Axes
   111 | D:1      | Reached XP level 2. HP: 14/26 MP: 1/1
   154 | D:2      | Reached skill level 5 in Axes
   154 | D:2      | Reached XP level 3. HP: 25/31 MP: 2/2
   225 | D:4      | Reached skill level 6 in Axes
   225 | D:4      | Reached XP level 4. HP: 17/39 MP: 3/3
   253 | D:4      | Noticed Implojin's ghost (weakling TrFi)
   278 | D:4      | Killed Implojin's ghost
   280 | D:4      | Reached skill level 7 in Axes
   280 | D:4      | Reached XP level 5. HP: 19/45 MP: 4/4
   316 | D:5      | Entered Level 5 of the Dungeon
   318 | D:5      | Noticed an ice beast
   324 | D:5      | Killed an ice beast
   371 | D:5      | Reached ** piety under Trog
   371 | D:5      | Reached skill level 8 in Axes
   371 | D:5      | Reached XP level 6. HP: 49/51 MP: 5/5
   482 | D:6      | Reached skill level 9 in Axes
   510 | D:7      | Reached XP level 7. HP: 57/57 MP: 6/6
   543 | D:8      | Found a shimmering altar of Xom.
   543 | D:8      | Found a shimmering altar of Xom.
   543 | D:8      | Found a shimmering altar of Xom.
   543 | D:8      | Found a shimmering altar of Xom.
   543 | D:8      | Found a shimmering altar of Xom.
   543 | D:8      | Found a shimmering altar of Xom.
   566 | D:8      | Reached skill level 10 in Axes
   596 | D:9      | Noticed a troll
   605 | D:9      | Killed a troll
   605 | D:9      | Reached skill level 11 in Axes
   624 | D:10     | Entered Level 10 of the Dungeon
   726 | D:11     | Noticed a yak
   726 | D:11     | Noticed a yak
   727 | D:11     | Noticed a yak
   727 | D:11     | Noticed a yak
   735 | D:11     | Killed a yak
   735 | D:11     | Reached XP level 8. HP: 59/64 MP: 7/7
   736 | D:11     | Reached skill level 12 in Axes
   805 | D:11     | Noticed a white ugly thing
   811 | D:11     | Killed a white ugly thing
   811 | D:11     | Reached skill level 6 in Fighting
   856 | D:11     | Noticed a cyclops
   865 | D:11     | Reached skill level 7 in Fighting
   865 | D:11     | Reached XP level 9. HP: 54/79 MP: 8/8
   874 | D:11     | Killed a cyclops
   874 | D:11     | Reached skill level 8 in Fighting
   886 | D:11     | Reached *** piety under Trog
   935 | D:11     | Reached skill level 9 in Fighting
   936 | D:11     | Reached skill level 10 in Fighting
   936 | D:11     | Slain by a slime creature

Vault maps used:
D:1:      matt_arrival_los_fun
D:2:      uniq_robin
D:3:      grunt_qazlal_clouds
D:4:      serial_glass, glass_columns_a, glass_columns_a, first_bread
D:5:      uniq_edmund
D:6:      overflow_temple_1_default, nrook_mini_vaults
D:7:      kennysheep_flooded_box, kennysheep_pointless_box, grunt_livestock,
          uniq_prince_ribbit1, uniq_duvessa
D:8:      xom_shifter_show, gammafunk_temple_overflow_wave,
          grunt_lair_entry_orc_guard_hut
D:9:      minmay_ornate_pinched, kennysheep_mini_moat, st_stairs_5
D:12:     david_orc_2, lemuel_flamethrower_2

Skill      XL: |  1  2  3  4  5  6  7  8  9 |
---------------+----------------------------+-----
Axes           | 4 5 6 7 8 9 11 12 | 12.7
Fighting       | 7 10 | 10.3
Armour         | |  2.4
Dodging        | |  2.1

Action                   |  1- 3 |  4- 6 |  7- 9 || total
-------------------------+-------+-------+-------++-------
Melee: Hand axe          |    32 |    38 |    76 ||   146
       Headbutt          |     1 |     7 |    18 ||    26
Invok: Berserk           |     2 |     5 |     5 ||    12
       Trog's Hand       |       |       |     1 ||     1
  Use: Scroll            |       |       |     2 ||     2
  Eat: Chunk             |       |     1 |     7 ||     8
       Bread ration      |       |     1 |       ||     1
Armor: Animal skin       |     5 |     1 |       ||     6
       Scale mail        |       |     3 |    17 ||    20
Dodge: Dodged            |    22 |    10 |    20 ||    52
Block: Shield            |     6 |     5 |    24 ||    35

Table legend:
 A = Turns spent in this place as a percentage of turns spent in the entire game.
 B = Non-inter-level travel turns spent in this place as a percentage of non-inter-level travel turns spent in the entire game.
 C = Inter-level travel turns spent in this place as a percentage of turns spent in this place.
 D = Turns resting spent in this place as a percentage of non-inter-level travel turns spent in this place.
 E = Turns spent auto-exploring this place as a percentage of non-inter-level travel turns spent in this place.
 F = Non-inter-level travel turns spent in this place divided by the number of levels of this place that you've seen.
                   A       B       C       D       E      F
               +-------+-------+-------+-------+-------+----------------------
         Total | 100.0 | 100.0 |   0.0 |   2.1 |   0.0 |  70.7
       Dungeon | 100.0 | 100.0 |   0.0 |   2.1 |   0.0 |  70.7
               +-------+-------+-------+-------+-------+----------------------

Table legend:
 A = Kills in this place as a percentage of kills in entire the game.
 B = Kills by you in this place as a percentage of kills by you in the entire game.
 C = Kills by friends in this place as a percentage of kills by friends in the entire game.
 D = Other kills in this place as a percentage of other kills in the entire game.
 E = Experience gained in this place as a percentage of experience gained in the entire game.
 F = Experience gained in this place divided by the number of levels of this place that you have seen.
                   A       B       C       D       E      F
               +-------+-------+-------+-------+-------+----------------------
         Total | 100.0 | 100.0 |  -nan |  -nan | 100.0 | 359.0
       Dungeon | 100.0 | 100.0 |  -nan |  -nan | 100.0 | 359.0
               +-------+-------+-------+-------+-------+----------------------
